AoeStats
← ivanrivera

Arabia

510434998Analyzed
4v4 RM · 2d ago on Oct 1, 2026· 22m 17s· 8 players
Game mode
Random Map
Map size
Large (8 player)
Population
200
Speed
Normal
Resources
Standard
Victory
Conquest
Starting age
Dark Age
Ending age
Imperial Age
RankedLock teamsTeams togetherTeam positionsShared explorationLock speedFull tech treeHidden civsTurbo modeCheats
Victory
Defeat
🇨🇱 Varangians · Chile
1147
+10
🇨🇱 Magyars · Chile
1127
+10
1114
+11
🇨🇱 Franks · Chile
918
+53
🇵🇪 Chinese · Peru
1068
-15
🇧🇷 Varangians · Brazil
1052
-15
🇵🇪 Varangians · Peru
971
-11
🇵🇪 Portuguese · Peru
893
-9
PlyerX
10:39 Feudal Age
12:28 Wheelbarrow
Yailes<3
12:28 Feudal Age
15:19 Double-Bit Axe
22:06 Fletching
Aryey
10:28 Feudal Age
12:00 Wheelbarrow
11:13 Double-Bit Axe
11:10 Horse Collar
18:11 Loom
marcosprojj
8:19 Loom
12:23 Feudal Age
17:06 Castle Age
[EtNb] Acerero4ever
4:45 Loom
10:33 Feudal Age
12:14 Fletching
22:25 Castle Age
ivanrivera
12:55 Feudal Age
13:48 Double-Bit Axe
23:58 Castle Age
22:33 Forging
Robin
3:02 Loom
9:52 Feudal Age
13:24 Double-Bit Axe
19:40 Castle Age
19:43 Bloodlines
19:51 Town Watch
19:48 Horse Collar
21:00 Scale Barding Armor
BATMAN [EtNb]
9:13 Loom
11:48 Feudal Age
14:32 Bloodlines
21:27 Castle Age
20:26 Forging
20:22 Scale Barding Armor
22:21 Husbandry
Connection lost

Rejoining the realm…

Still unreachable

The connection could not be restored.

Session expired

The server has moved on; the page needs a fresh start.